APP
PRINCETON RAYS @ BLUEFIELD BLUE JAYS
09/14/2047
 
TOP OF THE 1ST
Princeton Rays batting - Pitching for Bluefield Blue Jays : RHP Jon Thomason
Pitching: RHP Jon Thomason
Batting: SHB Joshua Jackson 0-0: Swinging Strike
0-1: Swinging Strike
0-2: Foul Ball, location: 2F
0-2: Strikes out swinging
Batting: RHB Alex Koral 0-0: Swinging Strike
0-1: Swinging Strike
0-2: Ball
1-2: Ball
2-2: Ground out 5-3 (Groundball, 56, EV 91.2 MPH)
Batting: RHB Adam Turpin 0-0: Foul Ball, location: 2F
0-1: SINGLE (Line Drive, 6D, EV 103.1 MPH)
Batting: RHB Jason Penfield 0-0: Ball
Adam Turpin steals 2nd base
1-0: Ball
2-0: Ball
3-0: Base on Balls
Batting: RHB Roberto Aispuro 0-0: Called Strike
0-1: Foul Ball, location: 2F
0-2: Ball
Passed Ball!
Adam Turpin to third
Jason Penfield to second
1-2: Ball
2-2: Strikes out swinging
Top of the 1st over - 0 runs, 1 hit, 0 errors, 2 left on base; Princeton 0 - Bluefield 0
BOTTOM OF THE 1ST
Bluefield Blue Jays batting - Pitching for Princeton Rays : RHP Tung-chi Tian
Pitching: RHP Tung-chi Tian
Batting: RHB Dustin Bargman 0-0: Ball
1-0: Swinging Strike
1-1: Called Strike
1-2: Hit by Pitch
Batting: RHB Mike Chamberlain 0-0: Ball
Dustin Bargman steals 2nd base (no throw)
1-0: Ball
2-0: 2-RUN HOME RUN (Line Drive, 7D, EV 99.4 MPH), Distance : 398 ft
Batting: RHB Victor Ayala 0-0: TRIPLE (Line Drive, 8LXD, EV 104.4 MPH)
Batting: RHB Norm Mercer 0-0: Called Strike
0-1: Called Strike
0-2: Ball
1-2: Ball
2-2: Ball
3-2: Strikes out swinging
Batting: RHB Mark Noftall 0-0: Called Strike
0-1: Foul Ball, location: 2F
0-2: Strikes out looking
Batting: RHB Terry Plumley 0-0: Swinging Strike
0-1: Ball
1-1: Swinging Strike
1-2: Foul Ball, location: 2F
1-2: Strikes out swinging
Bottom of the 1st over - 2 runs, 2 hits, 0 errors, 1 left on base; Princeton 0 - Bluefield 2
TOP OF THE 2ND
Princeton Rays batting - Pitching for Bluefield Blue Jays : RHP Jon Thomason
Batting: RHB Bobby Ross 0-0: Ball
1-0: Ball
2-0: Ball
3-0: Base on Balls
Batting: SHB Luis Verduzco 0-0: Grounds into double play, 6-4-3 (Groundball, 6, EV 81.2 MPH)
Batting: RHB Wan-ling Zhu 0-0: Ball
1-0: Ground out 6-3 (Groundball, 6, EV 85.0 MPH)
Top of the 2nd over - 0 runs, 0 hits, 0 errors, 0 left on base; Princeton 0 - Bluefield 2
BOTTOM OF THE 2ND
Bluefield Blue Jays batting - Pitching for Princeton Rays : RHP Tung-chi Tian
Batting: RHB Ed Swafford 0-0: Ball
1-0: Called Strike
1-1: Ball
2-1: Swinging Strike
2-2: Strikes out swinging
Batting: RHB Jorge Cruz 0-0: Ball
1-0: Foul Ball, location: 2F
1-1: Ball
2-1: Foul Ball, location: 2F
2-2: Foul Ball, location: 2F
2-2: Ball
3-2: Strikes out swinging
Batting: RHB Dan Muns 0-0: SINGLE (Groundball, 6MD, EV 104.4 MPH)
Batting: RHB Dustin Bargman 0-0: Called Strike
0-1: Ball
1-1: SINGLE (Line Drive, 7S, EV 91.2 MPH)
Dan Muns to second
Batting: RHB Mike Chamberlain 0-0: Ball
Wild Pitch!
Dan Muns to third
Dustin Bargman to second
1-0: 3-RUN HOME RUN (Flyball, 78XD, EV 103.8 MPH), Distance : 425 ft
Batting: RHB Victor Ayala 0-0: Ball
1-0: Called Strike
1-1: Ball
2-1: Foul Ball, location: 2F
2-2: Ball
3-2: Foul Ball, location: 2F
3-2: Ground out 6-3 (Groundball, 6, EV 86.9 MPH)
Bottom of the 2nd over - 3 runs, 3 hits, 0 errors, 0 left on base; Princeton 0 - Bluefield 5
TOP OF THE 3RD
Princeton Rays batting - Pitching for Bluefield Blue Jays : RHP Jon Thomason
Batting: RHB Bogumil Filipowski 0-0: Ball
1-0: Ball
2-0: Ball
3-0: Called Strike
3-1: Foul Ball, location: 2F
3-2: Strikes out swinging
Batting: SHB Joshua Jackson 0-0: Ball
1-0: Ball
2-0: Called Strike
2-1: Foul Ball, location: 2F
2-2: Foul Ball, location: 2F
2-2: Ball
3-2: Foul Ball, location: 2F
3-2: Base on Balls
Batting: RHB Alex Koral 0-0: Ball
1-0: Ball
2-0: Ball
3-0: Called Strike
3-1: Base on Balls
Joshua Jackson to second
Batting: RHB Adam Turpin 0-0: Ball
1-0: Ball
2-0: Swinging Strike
2-1: Swinging Strike
2-2: Strikes out looking
Batting: RHB Jason Penfield 0-0: Called Strike
0-1: Called Strike
0-2: Strikes out swinging
Top of the 3rd over - 0 runs, 0 hits, 0 errors, 2 left on base; Princeton 0 - Bluefield 5
BOTTOM OF THE 3RD
Bluefield Blue Jays batting - Pitching for Princeton Rays : RHP Tung-chi Tian
Batting: RHB Norm Mercer 0-0: Called Strike
0-1: Ball
1-1: Foul Ball, location: 2F
1-2: Ball
2-2: Foul Ball, location: 2F
2-2: Foul Ball, location: 2F
2-2: Foul Ball, location: 2F
2-2: Ball
3-2: SOLO HOME RUN (Flyball, 78XD, EV 99.4 MPH), Distance : 422 ft
Batting: RHB Mark Noftall 0-0: Called Strike
0-1: Ground out 4-3 (Groundball, 4, EV 81.2 MPH)
Batting: RHB Terry Plumley 0-0: Foul Ball, location: 2F
0-1: Swinging Strike
0-2: Strikes out swinging
Batting: RHB Ed Swafford 0-0: Ground out 6-3 (Groundball, 6, EV 102.5 MPH)
Bottom of the 3rd over - 1 run, 1 hit, 0 errors, 0 left on base; Princeton 0 - Bluefield 6
TOP OF THE 4TH
Princeton Rays batting - Pitching for Bluefield Blue Jays : RHP Jon Thomason
Batting: RHB Roberto Aispuro 0-0: Called Strike
0-1: Foul Ball, location: 2F
0-2: Foul Ball, location: 2F
0-2: Ball
1-2: DOUBLE (Line Drive, 3D, EV 100.0 MPH)
Batting: RHB Bobby Ross 0-0: Ball
1-0: Ball
2-0: Swinging Strike
2-1: Swinging Strike
2-2: Foul Ball, location: 2F
2-2: Ball
3-2: Base on Balls
Batting: SHB Luis Verduzco 0-0: Ball
1-0: Grounds into double play, 6-4-3 (Groundball, 6, EV 98.8 MPH)
Roberto Aispuro to third
Batting: RHB Wan-ling Zhu 0-0: Ball
1-0: Called Strike
1-1: Swinging Strike
1-2: Ball
2-2: Strikes out swinging
Top of the 4th over - 0 runs, 1 hit, 0 errors, 1 left on base; Princeton 0 - Bluefield 6
BOTTOM OF THE 4TH
Bluefield Blue Jays batting - Pitching for Princeton Rays : RHP Tung-chi Tian
Pitching: LHP Dave Lindsay
Batting: RHB Jorge Cruz 0-0: Called Strike
0-1: Called Strike
0-2: Strikes out swinging
Batting: RHB Dan Muns 0-0: Foul Ball, location: 2F
0-1: Ball
1-1: SINGLE (Groundball, 4D, EV 96.2 MPH)
Batting: RHB Dustin Bargman 0-0: Fly out, F8 (Flyball, 8LD, EV 92.5 MPH)
Batting: RHB Mike Chamberlain 0-0: Ground out 6-3 (Groundball, 56D, EV 111.9 MPH)
Bottom of the 4th over - 0 runs, 1 hit, 0 errors, 1 left on base; Princeton 0 - Bluefield 6
TOP OF THE 5TH
Princeton Rays batting - Pitching for Bluefield Blue Jays : RHP Jon Thomason
Batting: RHB Bogumil Filipowski 0-0: Called Strike
0-1: Swinging Strike
0-2: Foul Ball, location: 2F
0-2: Ball
1-2: Strikes out swinging
Batting: SHB Joshua Jackson 0-0: Ball
1-0: Ball
2-0: Foul Ball, location: 2F
2-1: Foul Ball, location: 2F
2-2: Ball
3-2: Strikes out swinging
Batting: RHB Alex Koral 0-0: Called Strike
0-1: Called Strike
0-2: Ball
1-2: Ball
2-2: Foul Ball, location: 2F
2-2: SOLO HOME RUN (Flyball, 9LD, EV 91.9 MPH), Distance : 338 ft
Batting: RHB Adam Turpin 0-0: Ball
1-0: Called Strike
1-1: Called Strike
1-2: Foul Ball, location: 2F
1-2: Ball
2-2: Ball
3-2: Base on Balls
Pitching: RHP Jason Hanson
Batting: RHB Jason Penfield 0-0: Called Strike
0-1: Ball
1-1: Ball
2-1: Ball
Adam Turpin steals 2nd base
3-1: Ground out 5-3 (Groundball, 56, EV 107.5 MPH)
Top of the 5th over - 1 run, 1 hit, 0 errors, 1 left on base; Princeton 1 - Bluefield 6
BOTTOM OF THE 5TH
Bluefield Blue Jays batting - Pitching for Princeton Rays : LHP Dave Lindsay
Batting: RHB Victor Ayala 0-0: Ball
1-0: Swinging Strike
1-1: Ball
2-1: Swinging Strike
2-2: Fly out, F4 (Line Drive, 4MD, EV 76.2 MPH)
Pitching: LHP Ryan Folks
Batting: RHB Norm Mercer 0-0: Called Strike
0-1: Called Strike
0-2: Ball
1-2: Ball
2-2: Strikes out swinging
Batting: RHB Mark Noftall 0-0: Ball
1-0: Ball
2-0: Called Strike
2-1: Called Strike
2-2: Ground out 5-3 (Groundball, 56, EV 90.0 MPH)
Bottom of the 5th over - 0 runs, 0 hits, 0 errors, 0 left on base; Princeton 1 - Bluefield 6
TOP OF THE 6TH
Princeton Rays batting - Pitching for Bluefield Blue Jays : RHP Jason Hanson
Batting: RHB Roberto Aispuro 0-0: Called Strike
0-1: Foul Ball, location: 2F
0-2: Ball
1-2: Ball
2-2: Foul Ball, location: 2F
2-2: Ball
3-2: Base on Balls
Batting: RHB Bobby Ross 0-0: Called Strike
0-1: Swinging Strike
0-2: Strikes out swinging
Batting: SHB Luis Verduzco 0-0: Ball
1-0: Ball
2-0: SINGLE (Groundball, 6MD, EV 106.9 MPH)
Roberto Aispuro to second
Pinch Hitting: SHB Ray Luna 0-0: Ball
1-0: Ball
2-0: Called Strike
2-1: 3-RUN HOME RUN (Flyball, 7D, EV 96.9 MPH), Distance : 373 ft
Pitching: LHP Trevor Kelley
Batting: RHB Bogumil Filipowski 0-0: Foul Ball, location: 2F
0-1: Ball
1-1: Swinging Strike
1-2: Foul Ball, location: 2F
1-2: Strikes out swinging
Batting: SHB Joshua Jackson 0-0: Called Strike
0-1: Foul Ball, location: 2F
0-2: Foul Ball, location: 2F
0-2: Ball
1-2: Foul Ball, location: 2F
1-2: Foul Ball, location: 2F
1-2: Ball
2-2: Ground out 1-3 (Groundball, P, EV 63.1 MPH)
Top of the 6th over - 3 runs, 2 hits, 0 errors, 0 left on base; Princeton 4 - Bluefield 6
BOTTOM OF THE 6TH
Bluefield Blue Jays batting - Pitching for Princeton Rays : LHP Ryan Folks
Now at SS: Jim Erdody
Batting: RHB Terry Plumley 0-0: Ball
1-0: Ball
2-0: Ball
3-0: Base on Balls
Batting: RHB Ed Swafford 0-0: Called Strike
0-1: Fly out, F7 (Flyball, 7S, EV 83.1 MPH)
Batting: RHB Jorge Cruz 0-0: Called Strike
0-1: Foul Ball, location: 2F
0-2: Foul Ball, location: 2F
0-2: Ball
1-2: Strikes out swinging
Batting: RHB Dan Muns 0-0: Ball
1-0: Ball
2-0: Ball
3-0: Called Strike
3-1: Foul Ball, location: 2F
3-2: Foul Ball, location: 2F
3-2: SINGLE (Line Drive, 6D, EV 95.6 MPH)
Terry Plumley to second
Terry Plumley to third
Batting: RHB Dustin Bargman 0-0: Ball
1-0: Foul Ball, location: 2F
1-1: Foul Ball, location: 2F
1-2: Ball
2-2: Ball
3-2: Foul Ball, location: 2F
3-2: Strikes out swinging
Bottom of the 6th over - 0 runs, 1 hit, 0 errors, 2 left on base; Princeton 4 - Bluefield 6
TOP OF THE 7TH
Princeton Rays batting - Pitching for Bluefield Blue Jays : LHP Trevor Kelley
Now at SS: Bobby Roldan
Batting: RHB Alex Koral 0-0: Swinging Strike
0-1: Swinging Strike
0-2: Ball
1-2: Strikes out swinging
Batting: RHB Adam Turpin 0-0: Ball
1-0: Ground out 5-3 (Groundball, 56, EV 80.6 MPH)
Batting: RHB Jason Penfield 0-0: Ball
1-0: Called Strike
1-1: Called Strike
1-2: Strikes out looking
Top of the 7th over - 0 runs, 0 hits, 0 errors, 0 left on base; Princeton 4 - Bluefield 6
BOTTOM OF THE 7TH
Bluefield Blue Jays batting - Pitching for Princeton Rays : LHP Ryan Folks
Pitching: RHP J.P. Tesauro
Batting: RHB Mike Chamberlain 0-0: Called Strike
0-1: Ball
1-1: Swinging Strike
1-2: Foul Ball, location: 2F
1-2: Foul Ball, location: 2F
1-2: Strikes out looking
Batting: RHB Victor Ayala 0-0: Ball
1-0: Called Strike
1-1: Foul Ball, location: 2F
1-2: Strikes out swinging
Batting: RHB Norm Mercer 0-0: Ball
1-0: Ball
2-0: Called Strike
2-1: Ball
3-1: Foul Ball, location: 2F
3-2: Base on Balls
Batting: RHB Mark Noftall 0-0: Called Strike
0-1: Ball
Wild Pitch!
Norm Mercer to second
1-1: Foul Ball, location: 2F
1-2: SINGLE (Groundball, 5S, EV 69.4 MPH) (infield hit)
Norm Mercer to third
Batting: RHB Terry Plumley 0-0: Ball
1-0: 3-RUN HOME RUN (Flyball, 7D, EV 102.5 MPH), Distance : 388 ft
Pitching: RHP J.P. Taylor
Batting: RHB Ed Swafford 0-0: Foul Ball, location: 2F
0-1: Foul Ball, location: 2F
0-2: Strikes out swinging
Bottom of the 7th over - 3 runs, 2 hits, 0 errors, 0 left on base; Princeton 4 - Bluefield 9
TOP OF THE 8TH
Princeton Rays batting - Pitching for Bluefield Blue Jays : LHP Trevor Kelley
Batting: RHB Roberto Aispuro 0-0: Called Strike
0-1: Ball
1-1: Ball
2-1: Ball
3-1: Base on Balls
Batting: RHB Bobby Ross 0-0: Ball
1-0: Ball
2-0: Ball
3-0: Called Strike
3-1: Called Strike
3-2: Base on Balls
Roberto Aispuro to second
Batting: SHB Luis Verduzco 0-0: Grounds into double play, 5-4-3 (Groundball, 56, EV 84.4 MPH)
Roberto Aispuro to third
Batting: RHB Jim Erdody 0-0: Called Strike
0-1: Ball
1-1: Ball
2-1: Ground out 6-3 (Groundball, 6, EV 103.8 MPH)
Top of the 8th over - 0 runs, 0 hits, 0 errors, 1 left on base; Princeton 4 - Bluefield 9
BOTTOM OF THE 8TH
Bluefield Blue Jays batting - Pitching for Princeton Rays : RHP J.P. Taylor
Batting: RHB Bobby Roldan 0-0: Ball
1-0: Ball
2-0: Ball
3-0: Called Strike
3-1: Foul Ball, location: 2F
3-2: Ground out 6-3 (Groundball, 6, EV 90.6 MPH)
Batting: RHB Dan Muns 0-0: Ball
1-0: Called Strike
1-1: Swinging Strike
1-2: Ball
2-2: Ball
3-2: Ground out 4-3 (Groundball, 4M, EV 105.6 MPH)
Batting: RHB Dustin Bargman 0-0: Ball
1-0: Ball
2-0: Ground out 6-3 (Groundball, 6, EV 91.9 MPH)
Bottom of the 8th over - 0 runs, 0 hits, 0 errors, 0 left on base; Princeton 4 - Bluefield 9
TOP OF THE 9TH
Princeton Rays batting - Pitching for Bluefield Blue Jays : LHP Trevor Kelley
Pinch Hitting: RHB Alex Zamora 0-0: Called Strike
0-1: Foul Ball, location: 2F
0-2: Ball
1-2: Foul Ball, location: 2F
1-2: Foul Ball, location: 2F
1-2: DOUBLE (Line Drive, 78D, EV 106.9 MPH)
Pitching: RHP Eric Bessire
Batting: SHB Joshua Jackson 0-0: Swinging Strike
0-1: Swinging Strike
0-2: Ball
1-2: Ball
2-2: Strikes out swinging
Batting: RHB Alex Koral 0-0: Ball
1-0: Swinging Strike
1-1: Called Strike
1-2: Foul Ball, location: 2F
1-2: Foul Ball, location: 2F
1-2: Strikes out swinging
Batting: RHB Adam Turpin 0-0: Called Strike
0-1: Ball
1-1: Ball
2-1: SINGLE (Groundball, 4MD, EV 78.8 MPH) (infield hit)
Alex Zamora to third
Batting: RHB Jason Penfield 0-0: SINGLE (Groundball, 6MD, EV 97.5 MPH)
Alex Zamora scores
Adam Turpin to second
Pitching: RHP Josh Long
Batting: RHB Roberto Aispuro 0-0: Foul Ball, location: 2F
0-1: Ball
1-1: Ball
2-1: Fielders Choice at 2nd, 6-4 (Groundball, 6, EV 97.5 MPH)
Top of the 9th over - 1 run, 3 hits, 0 errors, 2 left on base; Princeton 5 - Bluefield 9
Thursday, December 15th , 2022 - OOTP Baseball 23.9 Build 102